| TOP OF THE 1ST |
|
Windy City ThunderBolts batting - Pitching for Canton Indians : RHP Howard Allen
|
|
Pitching: RHP Howard Allen
|
|
|
Batting: LHB Adam Tarbutton
|
0-0: SINGLE (Flyball, 5D, EV 85.0 MPH)
|
|
Batting: LHB Matt Hyde
|
0-0: Foul Ball, location: 2F 0-1: Called Strike 0-2: Ball 1-2: Strikes out swinging
|
|
Batting: LHB Larry Myers
|
0-0: Ball Adam Tarbutton steals 2nd base 1-0: Ball 2-0: Ball 3-0: Base on Balls
|
|
Batting: LHB Herkko Haavikko
|
0-0: Called Strike 0-1: Foul Ball, location: 2F 0-2: Ball 1-2: Ball 2-2: Ball 3-2: 3-RUN HOME RUN (Flyball, 9D, EV 97.5 MPH), Distance : 385 ft
|
|
Batting: RHB Mike Rosa
|
0-0: Foul Ball, location: 2F 0-1: Ball 1-1: Called Strike 1-2: Ball 2-2: Strikes out swinging
|
|
Pitching: RHP Terry Sterling
|
|
|
Batting: LHB Justin Stickney
|
0-0: Foul Ball, location: 2F 0-1: Ball 1-1: Ball 2-1: Fly out, F7 (Flyball, 7S, EV 86.9 MPH)
|
| Top of the 1st over - 3 runs, 2 hits, 0 errors, 0 left on base; Windy City 3 - Canton 0 |
| BOTTOM OF THE 1ST |
|
Canton Indians batting - Pitching for Windy City ThunderBolts : LHP Mark Sharrett
|
|
Pitching: LHP Mark Sharrett
|
|
|
Batting: RHB Kenzo Shinoda
|
0-0: Fly out, F7 (Flyball, 7, EV 87.5 MPH)
|
|
Batting: LHB Costodio Varino
|
0-0: SINGLE (Line Drive, 9S, EV 90.6 MPH)
|
|
Batting: RHB Carlos Abrego
|
0-0: Called Strike 0-1: Reached on error, E5 (Groundball, 5S, EV 69.4 MPH) Costodio Varino to third
|
|
Batting: LHB Dave Key
|
0-0: Foul Ball, location: 2F 0-1: SINGLE (Groundball, 34D, EV 108.8 MPH) Costodio Varino scores Carlos Abrego to third Runner from 3rd tries for Home, SAFE, throw by RF to home
|
|
Batting: LHB Shane Montalvo
|
0-0: Called Strike 0-1: Called Strike 0-2: Fly out, F5 (Flyball, 56D, EV 80.6 MPH)
|
|
Batting: RHB Kevin Trull
|
0-0: Ball 1-0: Foul Ball, location: 2F 1-1: Fly out, F7 (Flyball, 7D, EV 85.6 MPH)
|
| Bottom of the 1st over - 2 runs, 2 hits, 1 error, 1 left on base; Windy City 3 - Canton 2 |
| TOP OF THE 2ND |
|
Windy City ThunderBolts batting - Pitching for Canton Indians : RHP Terry Sterling
|
|
Batting: RHB Josiah Wright
|
0-0: Called Strike 0-1: Called Strike 0-2: DOUBLE (Groundball, 5L, EV 102.5 MPH)
|
|
Batting: RHB Vladmiri Nugaibekov
|
0-0: Called Strike 0-1: Ball 1-1: Swinging Strike 1-2: Strikes out swinging
|
|
Batting: SHB Alfie Bungledorf
|
0-0: Called Strike 0-1: Fly out, F9 (Flyball, 9D, EV 98.8 MPH) Runner from 2nd tags up, SAFE at 3rd, no throw by RF
|
|
Batting: LHB Adam Tarbutton
|
0-0: Ball 1-0: Ball 2-0: Ball 3-0: Base on Balls
|
|
Batting: LHB Matt Hyde
|
0-0: Called Strike 0-1: Ball 1-1: 3-RUN HOME RUN (Flyball, 9LD, EV 98.1 MPH), Distance : 359 ft
|
|
Pitching: RHP Chris Cohen
|
|
|
Batting: LHB Larry Myers
|
0-0: Ball 1-0: Ball 2-0: Called Strike 2-1: Ball 3-1: Swinging Strike 3-2: Ground out 6-3 (Groundball, 6M, EV 86.9 MPH)
|
| Top of the 2nd over - 3 runs, 2 hits, 0 errors, 0 left on base; Windy City 6 - Canton 2 |
| BOTTOM OF THE 2ND |
|
Canton Indians batting - Pitching for Windy City ThunderBolts : LHP Mark Sharrett
|
|
Batting: RHB John Bianconi
|
0-0: Ball 1-0: Ball 2-0: Foul Ball, location: 2F 2-1: Foul Ball, location: 2F 2-2: Ball 3-2: Ground out 6-3 (Groundball, 6, EV 90.0 MPH)
|
|
Batting: RHB Eric Kuck
|
0-0: Called Strike 0-1: Fly out, F6 (Popup, 6M, EV 76.9 MPH)
|
|
Batting: LHB Rich Walker
|
0-0: Ball 1-0: Ball 2-0: Called Strike 2-1: Called Strike 2-2: Ball 3-2: Strikes out swinging
|
| Bottom of the 2nd over - 0 runs, 0 hits, 0 errors, 0 left on base; Windy City 6 - Canton 2 |
| TOP OF THE 3RD |
|
Windy City ThunderBolts batting - Pitching for Canton Indians : RHP Chris Cohen
|
|
Batting: LHB Herkko Haavikko
|
0-0: Called Strike 0-1: Swinging Strike 0-2: Strikes out swinging
|
|
Batting: RHB Mike Rosa
|
0-0: Called Strike 0-1: Called Strike 0-2: Foul Ball, location: 2F 0-2: Fly out, F7 (Flyball, 78XD, EV 106.9 MPH)
|
|
Batting: LHB Justin Stickney
|
0-0: Ball 1-0: Called Strike 1-1: Ball 2-1: Foul Ball, location: 2F 2-2: Ball 3-2: Base on Balls
|
|
Pitching: RHP Ian Nordquist
|
|
|
Batting: RHB Josiah Wright
|
0-0: Called Strike 0-1: Ball 1-1: Ball 2-1: Ground out 4-3 (Groundball, 4, EV 83.8 MPH)
|
| Top of the 3rd over - 0 runs, 0 hits, 0 errors, 1 left on base; Windy City 6 - Canton 2 |
| BOTTOM OF THE 3RD |
|
Canton Indians batting - Pitching for Windy City ThunderBolts : LHP Mark Sharrett
|
|
Batting: RHB Kenzo Shinoda
|
0-0: Ball 1-0: Called Strike 1-1: Ball 2-1: SINGLE (Groundball, 4S, EV 68.1 MPH) (infield hit)
|
|
Batting: LHB Costodio Varino
|
0-0: Ball 1-0: Called Strike 1-1: Fly out, F8 (Flyball, 78D, EV 95.6 MPH)
|
|
Batting: RHB Carlos Abrego
|
0-0: Called Strike 0-1: Grounds into double play, 1-6-3 (Groundball, 13S, EV 65.6 MPH)
|
| Bottom of the 3rd over - 0 runs, 1 hit, 0 errors, 0 left on base; Windy City 6 - Canton 2 |
| TOP OF THE 4TH |
|
Windy City ThunderBolts batting - Pitching for Canton Indians : RHP Ian Nordquist
|
|
Batting: RHB Vladmiri Nugaibekov
|
0-0: Ball 1-0: SOLO HOME RUN (Flyball, 7D, EV 96.9 MPH), Distance : 378 ft
|
|
Batting: SHB Alfie Bungledorf
|
0-0: Ball 1-0: Called Strike 1-1: Ball 2-1: Fly out, F7 (Flyball, 7LS, EV 81.3 MPH)
|
|
Batting: LHB Adam Tarbutton
|
0-0: Ball 1-0: Foul Ball, location: 2F 1-1: Called Strike 1-2: Foul Ball, location: 2F 1-2: Ball 2-2: Ball 3-2: SOLO HOME RUN (Flyball, 9D, EV 98.8 MPH), Distance : 396 ft
|
|
Batting: LHB Matt Hyde
|
0-0: Reached on error, E5 (Groundball, 56, EV 107.5 MPH)
|
|
Pitching: RHP Nate Souza
|
|
|
Batting: LHB Larry Myers
|
Pickoff Throw to First - Error! E1 Matt Hyde to second 0-0: Ground out 2-3 (Groundball, 15S, EV 61.9 MPH) Matt Hyde to third
|
|
Batting: LHB Herkko Haavikko
|
0-0: Ball 1-0: Called Strike 1-1: Foul Ball, location: 2F 1-2: 2-RUN HOME RUN (Flyball, 9LD, EV 98.1 MPH), Distance : 365 ft
|
|
Batting: RHB Mike Rosa
|
0-0: Ball 1-0: Ball 2-0: Foul Ball, location: 2F 2-1: SOLO HOME RUN (Line Drive, 78XD, EV 114.4 MPH), Distance : 425 ft
|
|
Batting: LHB Justin Stickney
|
0-0: Foul Ball, location: 2F 0-1: Ball 1-1: Ball 2-1: Ground out U3 (Groundball, 3, EV 86.3 MPH)
|
| Top of the 4th over - 5 runs, 4 hits, 2 errors, 0 left on base; Windy City 11 - Canton 2 |
| BOTTOM OF THE 4TH |
|
Canton Indians batting - Pitching for Windy City ThunderBolts : LHP Mark Sharrett
|
|
Batting: LHB Dave Key
|
0-0: Ball 1-0: Ground out 6-3 (Groundball, 6MS, EV 83.8 MPH)
|
|
Batting: LHB Shane Montalvo
|
0-0: SINGLE (Line Drive, 7S, EV 96.9 MPH)
|
|
Batting: RHB Kevin Trull
|
0-0: Fielders Choice at 2nd, 3-6 (Groundball, 34S, EV 81.3 MPH)
|
|
Batting: RHB John Bianconi
|
0-0: Called Strike 0-1: Ground out 4-3 (Groundball, 4MS, EV 67.5 MPH)
|
| Bottom of the 4th over - 0 runs, 1 hit, 0 errors, 1 left on base; Windy City 11 - Canton 2 |
| TOP OF THE 5TH |
|
Windy City ThunderBolts batting - Pitching for Canton Indians : RHP Nate Souza
|
|
Batting: RHB Josiah Wright
|
0-0: Called Strike 0-1: Called Strike 0-2: Strikes out looking
|
|
Batting: RHB Vladmiri Nugaibekov
|
0-0: Ball 1-0: Ball 2-0: Called Strike 2-1: Called Strike 2-2: Ground out 1-3 (Groundball, 15S, EV 67.5 MPH)
|
|
Batting: SHB Alfie Bungledorf
|
0-0: SINGLE (Flyball, 8LS, EV 88.8 MPH)
|
|
Batting: LHB Adam Tarbutton
|
0-0: Ball 1-0: Swinging Strike 1-1: Foul Ball, location: 2F 1-2: Fly out, F9 (Flyball, 89S, EV 83.8 MPH)
|
| Top of the 5th over - 0 runs, 1 hit, 0 errors, 1 left on base; Windy City 11 - Canton 2 |
| BOTTOM OF THE 5TH |
|
Canton Indians batting - Pitching for Windy City ThunderBolts : LHP Mark Sharrett
|
|
Batting: RHB Eric Kuck
|
0-0: Called Strike 0-1: Ball 1-1: Ball 2-1: Ball 3-1: Foul Ball, location: 2F 3-2: Foul Ball, location: 2F 3-2: SINGLE (Line Drive, 7S, EV 91.9 MPH)
|
|
Batting: LHB Rich Walker
|
0-0: Ball 1-0: Ball 2-0: Called Strike 2-1: Ball 3-1: Base on Balls Eric Kuck to second
|
|
Batting: RHB Kenzo Shinoda
|
0-0: Ball 1-0: Ball 2-0: Called Strike 2-1: Ball 3-1: Base on Balls Eric Kuck to third Rich Walker to second
|
|
Batting: LHB Costodio Varino
|
0-0: Ball 1-0: Called Strike 1-1: Foul Ball, location: 2F 1-2: Foul Ball, location: 2F 1-2: Foul Ball, location: 2F 1-2: Ball 2-2: Strikes out swinging
|
|
Batting: RHB Carlos Abrego
|
0-0: Called Strike 0-1: Foul Ball, location: 2F 0-2: Fly out, F7 (Line Drive, 7S, EV 103.8 MPH)
|
|
Batting: LHB Dave Key
|
0-0: Called Strike 0-1: Ball 1-1: Fly out, F8 (Line Drive, 8LD, EV 108.1 MPH)
|
| Bottom of the 5th over - 0 runs, 1 hit, 0 errors, 3 left on base; Windy City 11 - Canton 2 |
| TOP OF THE 6TH |
|
Windy City ThunderBolts batting - Pitching for Canton Indians : RHP Nate Souza
|
|
Batting: LHB Matt Hyde
|
0-0: Called Strike 0-1: Foul Ball, location: 2F 0-2: Ball 1-2: Ball 2-2: SINGLE (Groundball, 56D, EV 98.8 MPH)
|
|
Batting: LHB Larry Myers
|
0-0: Ball 1-0: Called Strike 1-1: 2-RUN HOME RUN (Flyball, 9D, EV 98.8 MPH), Distance : 393 ft
|
|
Pitching: RHP Steve Gusman
|
|
|
Batting: LHB Herkko Haavikko
|
0-0: Ball 1-0: Swinging Strike 1-1: Ball 2-1: Ball 3-1: Base on Balls
|
|
Batting: RHB Mike Rosa
|
0-0: Ball 1-0: Ball 2-0: Foul Ball, location: 2F 2-1: Swinging Strike 2-2: Foul Ball, location: 2F 2-2: SINGLE (Flyball, 56D, EV 95.0 MPH) Herkko Haavikko to second
|
|
Batting: LHB Justin Stickney
|
0-0: Ball 1-0: SINGLE (Groundball, 34D, EV 103.1 MPH) Herkko Haavikko to third Mike Rosa to second
|
|
Batting: RHB Josiah Wright
|
0-0: Foul Ball, location: 2F 0-1: Foul Ball, location: 2F 0-2: Foul Ball, location: 2F 0-2: Fly out, F5 (Popup, 5F, EV 73.1 MPH)
|
|
Batting: RHB Vladmiri Nugaibekov
|
0-0: Ball 1-0: SINGLE (Flyball, 34D, EV 92.5 MPH) Herkko Haavikko scores Mike Rosa to third Justin Stickney to second
|
|
Batting: SHB Alfie Bungledorf
|
0-0: Swinging Strike 0-1: Ball 1-1: Swinging Strike 1-2: Ball 2-2: Foul Ball, location: 2F 2-2: Foul Ball, location: 2F 2-2: Ball 3-2: Strikes out looking
|
|
Batting: LHB Adam Tarbutton
|
0-0: Ball 1-0: Called Strike 1-1: Foul Ball, location: 2F 1-2: Foul Ball, location: 2F 1-2: Foul Ball, location: 2F 1-2: Foul Ball, location: 2F 1-2: Strikes out looking
|
| Top of the 6th over - 3 runs, 5 hits, 0 errors, 3 left on base; Windy City 14 - Canton 2 |
| BOTTOM OF THE 6TH |
|
Canton Indians batting - Pitching for Windy City ThunderBolts : LHP Mark Sharrett
|
|
Batting: LHB Shane Montalvo
|
0-0: Foul Ball, location: 2F 0-1: Called Strike 0-2: Ball 1-2: Ground out 3-1 (Groundball, 34, EV 88.8 MPH)
|
|
Batting: RHB Kevin Trull
|
0-0: Fly out, F9 (Flyball, 9, EV 89.4 MPH)
|
|
Batting: RHB John Bianconi
|
0-0: Called Strike 0-1: Ball 1-1: Ball 2-1: Ball 3-1: Base on Balls
|
|
Batting: RHB Eric Kuck
|
0-0: Called Strike 0-1: Foul Ball, location: 2F 0-2: Strikes out swinging
|
| Bottom of the 6th over - 0 runs, 0 hits, 0 errors, 1 left on base; Windy City 14 - Canton 2 |
| TOP OF THE 7TH |
|
Windy City ThunderBolts batting - Pitching for Canton Indians : RHP Steve Gusman
|
|
Pitching: RHP Luke Burnham
|
|
|
Batting: LHB Matt Hyde
|
0-0: Called Strike 0-1: Ball 1-1: Ball 2-1: Fly out, F8 (Line Drive, 8LD, EV 90.6 MPH)
|
|
Batting: LHB Larry Myers
|
0-0: Called Strike 0-1: Ball 1-1: Ball 2-1: Foul Ball, location: 2F 2-2: Foul Ball, location: 2F 2-2: Strikes out swinging
|
|
Batting: LHB Herkko Haavikko
|
0-0: Called Strike 0-1: Foul Ball, location: 2F 0-2: Ball 1-2: Ball 2-2: Foul Ball, location: 2F 2-2: Strikes out looking
|
| Top of the 7th over - 0 runs, 0 hits, 0 errors, 0 left on base; Windy City 14 - Canton 2 |
| BOTTOM OF THE 7TH |
|
Canton Indians batting - Pitching for Windy City ThunderBolts : LHP Mark Sharrett
|
|
Batting: LHB Rich Walker
|
0-0: Foul Ball, location: 2F 0-1: Fly out, F8 (Flyball, 78D, EV 89.4 MPH)
|
|
Batting: RHB Kenzo Shinoda
|
0-0: Called Strike 0-1: Foul Ball, location: 2F 0-2: DOUBLE (Line Drive, 9LM, EV 92.5 MPH)
|
|
Batting: LHB Costodio Varino
|
0-0: Called Strike 0-1: Ball 1-1: SINGLE (Line Drive, 8LS, EV 93.1 MPH) Kenzo Shinoda to third
|
|
Batting: RHB Carlos Abrego
|
0-0: Ball 1-0: Ball 2-0: Called Strike 2-1: 3-RUN HOME RUN (Flyball, 7D, EV 97.5 MPH), Distance : 398 ft
|
|
Batting: LHB Dave Key
|
0-0: Swinging Strike 0-1: Called Strike 0-2: Ball 1-2: Foul Ball, location: 2F 1-2: Foul Ball, location: 2F 1-2: Foul Ball, location: 2F 1-2: DOUBLE (Line Drive, 7LM, EV 106.9 MPH)
|
|
Batting: LHB Shane Montalvo
|
0-0: Foul Ball, location: 2F 0-1: Ball 1-1: Called Strike 1-2: Ball 2-2: Ball 3-2: Foul Ball, location: 2F 3-2: Fly out, F7 (Line Drive, 78M, EV 105.0 MPH)
|
|
Batting: RHB Kevin Trull
|
0-0: Fly out, F7 (Flyball, 7LM, EV 88.8 MPH)
|
| Bottom of the 7th over - 3 runs, 4 hits, 0 errors, 1 left on base; Windy City 14 - Canton 5 |
| TOP OF THE 8TH |
|
Windy City ThunderBolts batting - Pitching for Canton Indians : RHP Luke Burnham
|
|
Batting: RHB Mike Rosa
|
0-0: Called Strike 0-1: Ball 1-1: Ball 2-1: Foul Ball, location: 2F 2-2: Fly out, F8 (Flyball, 89XD, EV 91.3 MPH)
|
|
Batting: LHB Justin Stickney
|
0-0: Ball 1-0: Ball 2-0: Ball 3-0: Called Strike 3-1: Called Strike 3-2: DOUBLE (Line Drive, 89M, EV 106.3 MPH)
|
|
Batting: RHB Josiah Wright
|
0-0: Ball 1-0: Swinging Strike 1-1: Swinging Strike 1-2: Ball 2-2: Ball 3-2: Ground out 6-3 (Groundball, 6, EV 97.5 MPH)
|
|
Batting: RHB Vladmiri Nugaibekov
|
0-0: Ball 1-0: Called Strike 1-1: Ball 2-1: Ground out 6-3 (Groundball, 6, EV 96.9 MPH)
|
| Top of the 8th over - 0 runs, 1 hit, 0 errors, 1 left on base; Windy City 14 - Canton 5 |
| BOTTOM OF THE 8TH |
|
Canton Indians batting - Pitching for Windy City ThunderBolts : LHP Mark Sharrett
|
|
Batting: RHB John Bianconi
|
0-0: SINGLE (Groundball, 56D, EV 111.3 MPH)
|
|
Batting: RHB Eric Kuck
|
0-0: Foul Ball, location: 2F 0-1: Ball 1-1: Foul Ball, location: 2F 1-2: Fly out, F8 (Flyball, 89M, EV 96.9 MPH)
|
|
Batting: LHB Rich Walker
|
0-0: Ball 1-0: Ball 2-0: Called Strike 2-1: Foul Ball, location: 2F 2-2: Ball 3-2: Strikes out swinging
|
|
Pitching: LHP Ray Sowers
|
|
|
Batting: RHB Kenzo Shinoda
|
0-0: Ball 1-0: Swinging Strike 1-1: Fly out, F7 (Flyball, 7S, EV 87.5 MPH)
|
| Bottom of the 8th over - 0 runs, 1 hit, 0 errors, 1 left on base; Windy City 14 - Canton 5 |
| TOP OF THE 9TH |
|
Windy City ThunderBolts batting - Pitching for Canton Indians : RHP Luke Burnham
|
|
Batting: SHB Alfie Bungledorf
|
0-0: Ball 1-0: Swinging Strike 1-1: Foul Ball, location: 2F 1-2: Ball 2-2: Ball 3-2: SINGLE (Line Drive, 6MD, EV 93.8 MPH)
|
|
Batting: LHB Adam Tarbutton
|
0-0: Swinging Strike 0-1: Foul Ball, location: 2F 0-2: Ball Wild Pitch! Alfie Bungledorf to second 1-2: Ball 2-2: Foul Ball, location: 2F 2-2: Ball 3-2: SINGLE (Line Drive, 8RS, EV 93.1 MPH) Alfie Bungledorf to third Runner from 3rd tries for Home, SAFE, throw by CF to home Adam Tarbutton to second
|
|
Pitching: RHP Jason Roberts
|
|
|
Batting: LHB Matt Hyde
|
0-0: Foul Ball, location: 2F 0-1: Foul Ball, location: 2F 0-2: Ball 1-2: Foul Ball, location: 2F 1-2: Ball 2-2: Fly out, F7 (Flyball, 78D, EV 100.0 MPH)
|
|
Batting: LHB Larry Myers
|
0-0: Ball 1-0: Ball 2-0: Ball 3-0: Base on Balls
|
|
Batting: LHB Herkko Haavikko
|
0-0: Called Strike 0-1: Foul Ball, location: 2F 0-2: Ball 1-2: SINGLE (Groundball, 6D, EV 98.8 MPH) Adam Tarbutton to third Larry Myers to second Runner from 3rd tries for Home, throw by CF and OUT! 8-2
|
|
Batting: RHB Mike Rosa
|
0-0: Foul Ball, location: 2F 0-1: Ball 1-1: Foul Ball, location: 2F 1-2: Ball 2-2: Ball 3-2: Ground out 6-3 (Groundball, 6, EV 88.8 MPH)
|
| Top of the 9th over - 1 run, 3 hits, 0 errors, 2 left on base; Windy City 15 - Canton 5 |
| BOTTOM OF THE 9TH |
|
Canton Indians batting - Pitching for Windy City ThunderBolts : LHP Ray Sowers
|
|
Batting: LHB Costodio Varino
|
0-0: Ball 1-0: Called Strike 1-1: SOLO HOME RUN (Flyball, 9D, EV 98.1 MPH), Distance : 376 ft
|
|
Batting: RHB Carlos Abrego
|
0-0: Ground out 6-3 (Groundball, 6, EV 84.4 MPH)
|
|
Batting: LHB Dave Key
|
0-0: Called Strike 0-1: Foul Ball, location: 2F 0-2: Strikes out looking
|
|
Batting: LHB Shane Montalvo
|
0-0: Called Strike 0-1: SINGLE (Groundball, 3S, EV 70.0 MPH) (infield hit)
|
|
Batting: RHB Kevin Trull
|
0-0: Ball 1-0: Ball 2-0: Called Strike 2-1: Ball 3-1: Foul Ball, location: 2F 3-2: Foul Ball, location: 2F 3-2: Base on Balls Shane Montalvo to second
|
|
Batting: RHB John Bianconi
|
0-0: Ball 1-0: Ball 2-0: Foul Ball, location: 2F 2-1: Ground out 6-3 (Groundball, 6D, EV 102.5 MPH)
|
| Bottom of the 9th over - 1 run, 2 hits, 0 errors, 2 left on base; Windy City 15 - Canton 6 |
|